 Dungeon Crawl Stone Soup version 0.18-a0-1078-gebb93d0 (webtiles) character file.

504 namelastname112 the Insei (level 6, -9/45 HPs)
             Began as a Draconian Wizard on Jan 14, 2016.
             Mangled by an ogre
             ... wielding a +0 giant club
              (12 damage)
             ... on level 4 of the Dungeon.
             The game lasted 00:07:47 (4301 turns).

namelastname112 the Insei (Draconian Wizard)        Turns: 4301, Time: 00:07:47

Health: -9/45      AC: 10    Str:  9    XL:     6   Next: 96%
Magic:  6/10       EV: 12    Int: 19    God:
Gold:   171        SH:  4    Dex: 11    Spells: 1 memorised, 10 levels left

rFire  . . .     SeeInvis .       - Unarmed
rCold  . . .     Gourm    .     (armour unavailable)
rNeg   . . .     Faith    .     (no shield)
rPois  .         Spirit   .     a - +1 hat
rElec  .         Dismiss  .     (no cloak)
rCorr  +         Reflect  +     h - +2 pair of gloves
SustAt .         Harm     .     (no boots)
MR     .....                    n - +4 amulet of reflection
Stlth  ++........               (no ring)
                                q - ring of resist corrosion

@: very slightly contaminated, not resistant to hostile enchantments, unstealthy
A: unfitting armour, cold-blooded, AC +6
a: no special abilities


You were on level 4 of the Dungeon.
You were not hungry.

You visited 1 branch of the dungeon, and saw 6 of its levels.

You collected 171 gold pieces.

Inventory:

Armour
 a - a +1 hat (worn)
 h - a +2 pair of gloves (worn)
Jewellery
 n - a +4 amulet of reflection (around neck)
 q - a ring of resist corrosion (left hand)
Wands
 k - a wand of cold (0/15)
Scrolls
 d - a scroll of teleportation
 e - 3 scrolls of remove curse
 g - a scroll of blinking {unknown}
 o - a scroll of fog
 r - a scroll of enchant weapon {unknown}
Potions
 f - a potion of lignification {unknown}
 i - a potion of heal wounds {unknown}
 m - a potion of resistance
 p - a potion of berserk rage {unknown}
 s - a potion of haste {unknown}
 t - 2 potions of agility
Books
 b - a book of Minor Magic

   Spells                             Type                      Level
   a - Magic Dart                     Conjuration                  1
   b - Blink                          Translocation                2
   c - Call Imp                       Summoning                    2
   d - Repel Missiles                 Charms/Air                   2
   e - Slow                           Hexes                        2
   f - Conjure Flame                  Conjuration/Fire             3
   g - Mephitic Cloud                 Conjuration/Poison/Air       3
Comestibles
 c - 3 bread rations
 j - 4 fruits
 l - 2 meat rations


   Skills:
 - Level 1.7 Dodging
 - Level 1.7 Stealth
 + Level 7.2 Unarmed Combat
 - Level 3.0 Spellcasting
 - Level 1.0 Conjurations
   Level 1.0 Summonings
   Level 1.0 Translocations


You had 10 spell levels left.
You knew the following spells:

 Your Spells              Type           Power        Failure   Level  Hunger
z - Magic Dart            Conj           #...         12%         1    None


Dungeon Overview and Level Annotations

Branches:
Dungeon (6/15)
 Temple: D:4-7

Altars:
Okawaru
Xom
Yredelemnul
Zin

Annotations:
D:3 Grinder


Innate Abilities, Weirdness & Mutations

Your plain brown scales are hard (AC +6).
Your body does not fit into most forms of armour.
You are cold-blooded and may be slowed by cold attacks.


Message History

You hit the ogre.
The ogre is heavily wounded.
The ogre hits you with a giant club!!
Ouch! That really hurt!
You hit the ogre but do no damage.
The ogre is heavily wounded.
You barely miss the ogre.
The ogre is heavily wounded.
The ogre barely misses you.
You barely miss the ogre.
The ogre is heavily wounded.
The ogre hits you with a giant club!!
* * * LOW HITPOINT WARNING * * *
You are too injured to fight recklessly!
Evoke which item? (* to show all) (? for menu, Esc to quit)
Zapping:
k - a wand of cold {zapped: 9} (will waste charges)
Press: ? - help, Shift-Dir - straight line, f/p - ogre
Aim: an ogre, wielding a giant club (heavily wounded) Nothing appears to happen.
The ogre hits you with a giant club!
You die...

#.##.##.#
#.......#####
####.##.....###
#)##.......
#......#.##.#
####.........
#.....##.#
##.#####.#
#.@O....#
#########


You could see an ogre.

Vanquished Creatures
  2 ogres
  A scorpion (D:6)
  A crimson imp (D:6)
  A centaur zombie (D:6)
  An iguana (D:6)
  2 worker ants (D:6)
  4 adders
  A shadow imp (D:5)
  An ooze (D:2)
  5 worms
  2 giant geckos
  5 giant cockroaches
  14 goblins
  8 hobgoblins
  4 jackals (D:5)
  12 kobolds
  A quokka (D:2)
  A ball python (D:2)
  5 bats
  A giant gecko zombie (D:5)
  4 giant newts
  A jackal zombie (D:2)
  13 rats
90 creatures vanquished.

Notes
Turn   | Place    | Note
--------------------------------------------------------------
     0 | D:1      | namelastname112 the Draconian Wizard began the quest for the Orb.
     0 | D:1      | Reached XP level 1. HP: 14/14 MP: 4/4
    73 | D:1      | Reached skill level 1 in Unarmed Combat
   306 | D:1      | Reached XP level 2. HP: 20/20 MP: 6/6
   949 | D:2      | Reached XP level 3. HP: 22/26 MP: 0/7
  1215 | D:2      | Found a faded altar to an unknown god.
  1593 | D:2      | Reached XP level 4. HP: 31/33 MP: 3/8
  1661 | D:2      | Found a glowing silver altar of Zin.
  1665 | D:2      | Noticed an angel
  1667 | D:2      | Found a shimmering altar of Xom.
  1844 | D:2      | Reached skill level 4 in Unarmed Combat
  1886 | D:2      | Found an iron altar of Okawaru.
  1887 | D:2      | Found a basalt altar of Yredelemnul.
  2269 | D:3      | Noticed Grinder
  2275 | D:3      | Paralysed by Grinder for 3 turns
  2615 | D:3      | Paralysed by Grinder for 7 turns
  2937 | D:3      | You fall through a shaft for 3 floors!
  3001 | D:6      | Reached XP level 5. HP: 16/38 MP: 9/9
  3126 | D:6      | Reached skill level 5 in Unarmed Combat
  3301 | D:6      | Noticed an orc warrior
  3467 | D:6      | Reached skill level 6 in Unarmed Combat
  3467 | D:6      | Reached XP level 6. HP: 24/45 MP: 10/10
  3777 | D:5      | Entered Level 5 of the Dungeon
  4275 | D:4      | Reached skill level 7 in Unarmed Combat
  4301 | D:4      | Mangled by an ogre

Vault maps used:
D:1:      dpeg_arrival_concentric_ovals
D:2:      grunt_temple_overflow_order_and_chaos_1,
          nicolae_overflow_hidden_temple, ecumenical_altar_1, nrook_uturn
D:3:      first_bread, minivault_19, minmay_misc_feat_columns, uniq_grinder
D:4:      grunt_decor_mini_mirrors
D:5:      marbit_many_paths, temple_statues
D:6:      forest_paths, uniq_blork_the_orc

Action                   |  1- 3 |  4- 6 || total
-------------------------+-------+-------++-------
Melee: Unarmed           |   138 |   204 ||   342
 Cast: Magic Dart        |    69 |    43 ||   112
Evoke: Wand              |       |     3 ||     3
  Use: Scroll            |       |     9 ||     9
       Potion            |       |     1 ||     1
 Stab: Sleeping          |     2 |     1 ||     3
  Eat: Chunk             |     2 |     4 ||     6
       Meat ration       |       |     1 ||     1
